 Dungeon Crawl Stone Soup version 0.19.0-19-g8c6edcc (webtiles) character file.

3077 Leszczynek the Gouger (level 9, 41/41 HPs)
             Began as a Felid Abyssal Knight on Nov 14, 2016.
             Was an Elder of Lugonu.
             Quit the game on level 12 of the Dungeon on Nov 16, 2016.
             The game lasted 01:20:52 (19358 turns).

Leszczynek the Gouger (Felid Abyssal Knight)       Turns: 19358, Time: 01:20:52

Health: 41/41      AC:  2    Str:  8    XL:     9   Next: 58%
Magic:  15/15      EV: 26    Int: 16    God:    Lugonu [****..]
Gold:   810        SH:  0    Dex: 17    Spells: 4 memorised, 0 levels left
                                        Lives:  1   Deaths: 2

rFire  . . .     SeeInvis +       - Unarmed
rCold  . . .     Gourm    .     (armour unavailable)
rNeg   . . .     Faith    .     (shield unavailable)
rPois  .         Spirit   .     (helmet unavailable)
rElec  .         Reflect  .     (cloak unavailable)
rCorr  .         Harm     .     (gloves unavailable)
MR     +....                    (boots unavailable)
Stlth  ++++......               q - amulet of rage
                                u - +2 ring of evasion
                                m - ring of wizardry

@: quick
A: no armour, no weapons or thrown items, stealth, claws 1, fangs 3, see
invisible, carnivore 3, speed 1, shaggy fur 2, slow metabolism 1, sharp paws
a: Depart the Abyss, Bend Space, Banish, Corrupt, Renounce Religion, Evoke
Berserk Rage


You were on level 12 of the Dungeon.
You worshipped Lugonu.
Lugonu was greatly pleased with you.
You were not hungry.

You visited 1 branch of the dungeon, and saw 12 of its levels.
You visited the Abyss 1 time.

You collected 810 gold pieces.

Inventory:

Jewellery
 d - an uncursed ring of protection from cold
 m - a ring of wizardry (left paw)
 q - an amulet of rage (around neck)
 t - an uncursed ring of flight
 u - a +2 ring of evasion (right paw)
 C - an uncursed ring of positive energy
Wands
 b - a wand of flame (8/48)
 y - a wand of disintegration (8/24)
 A - a wand of iceblast (7/15)
 D - a wand of disintegration (10/24)
 G - a wand of lightning (4/15)
Scrolls
 e - 5 scrolls of remove curse
 g - a scroll of fear
 i - 3 scrolls of teleportation
 E - 2 scrolls of identify
Potions
 c - a potion of invisibility
 f - 2 potions of heal wounds
 h - 6 potions of curing
 j - 3 potions of might
 k - a potion of haste {unknown}
 l - a potion of cure mutation
 n - 2 potions of brilliance
 o - 4 potions of flight
 r - a potion of resistance
 w - 2 potions of berserk rage
 z - a potion of agility
Books
 p - a book of Necromancy

   Spells                             Type                      Level
   a - Pain                           Necromancy                   1
   b - Animate Skeleton               Necromancy                   1
   c - Vampiric Draining              Necromancy                   3
   d - Regeneration                   Charms/Necromancy            3
   e - Animate Dead                   Necromancy                   4
   f - Control Undead                 Necromancy                   4
 x - a book of Flames

   Spells                             Type                      Level
   a - Flame Tongue                   Conjuration/Fire             1
   b - Throw Flame                    Conjuration/Fire             2
   c - Conjure Flame                  Conjuration/Fire             3
   d - Inner Flame                    Hexes/Fire                   3
   e - Sticky Flame                   Conjuration/Fire             4
   f - Fireball                       Conjuration/Fire             5
 B - a book of Minor Magic

   Spells                             Type                      Level
   a - Magic Dart                     Conjuration                  1
   b - Blink                          Translocation                2
   c - Call Imp                       Summoning                    2
   d - Repel Missiles                 Charms/Air                   2
   e - Slow                           Hexes                        2
   f - Conjure Flame                  Conjuration/Fire             3
   g - Mephitic Cloud                 Conjuration/Poison/Air       3
Comestibles
 a - 8 meat rations
 s - 2 slices of pizza
 v - 3 beef jerkies


   Skills:
 - Level 6.0 Fighting
 * Level 8.7 Dodging
 + Level 6.7 Stealth
 - Level 10.0 Unarmed Combat
 - Level 2.0 Conjurations
 + Level 7.8 Hexes
 - Level 2.0 Fire Magic
 - Level 1.2 Air Magic
 - Level 1.2 Poison Magic
 - Level 7.0 Invocations


You couldn't memorise any spells.
You knew the following spells:

 Your Spells              Type           Power        Failure   Level  Hunger
a - Conjure Flame         Conj/Fire      #.......     14%         3    ####...
b - Slow                  Hex            ####....     1%          2    ###....
c - Animate Skeleton      Necr           N/A          10%         1    ##.....
d - Mephitic Cloud        Conj/Pois/Air  #.......     16%         3    ####...


Dungeon Overview and Level Annotations

Branches:
Dungeon (12/15)            Temple (0/1) D:4            Lair (0/6) D:8
    Orc (0/2) D:11

Altars:
Ashenzari
Elyvilon
Gozag
Nemelex Xobeh
Sif Muna
Trog

Annotations:
D:4 elec dagger orc wizard R
D:5 worker ant, shadow imp
D:6 hippogriff
D:7 exclusion: orc warrior
D:8 troll, Erica
D:9 exclusion: orc warrior
D:10 hill giant, Urug
D:11 grum and wolves roaming, exclusion: troll, Grum
D:12 exclusions: hill giant, 2 orcs and zombie, Sonja


Innate Abilities, Weirdness & Mutations

You cannot wear armour.
You are incapable of wielding weapons or throwing items.
Your paws allow you to move quietly. (Stealth)
You have sharp claws.
You have razor-sharp teeth.
You have supernaturally acute eyesight. (SInv)
You are carnivorous and can eat meat at any time.
You cover ground quickly.
You are covered in thick fur. (AC +2)
You have a slow metabolism.
Your sharp claws are effective at attacking unaware monsters.


Message History

You die...
You are now level 9!
You rejoin the land of the living...
Enter note: ...
You swing at nothing.
Enter note: how did he get two turns in?
Enter note: i have 0.8 delay on attacks?!
Enter note: not to mention hitting 4 times in a row through 26 ev
Enter note: this is why GDR is good
Enter note: no matter what minmay says
Enter note: no, really
Enter note: HOW DID HE GET TWO TURNS IN
Enter note: HOW
Enter note:
Enter note: back to level 9, wow
Enter note:
Enter note: fuck it, i'm quitting and rerolling until i find hexes or transmutations early
Enter note: i can do this stupid shit too
Enter note: Are you sure you want to abandon this character and quit the game? (Confirm with "yes".)

#.##.#.....##
#.#.##.# ..
#.#..<..#
#.#.##.# #
#(....# #.#.##.#
#(....# #......#
#.....# ###.####
####### #.# #.#
##########.#
#......@##.#
#.#####.##.# #.#
#.##.# #.# #....#
C.##.####.#
#.####
#.........#####.#
.....####.......#
... #.......# #
#########


There were no monsters in sight!

Vanquished Creatures
  Maurice (D:11)
  2 hippogriffs (D:12)
  2 wraiths (D:10)
  A wyvern (D:10)
  A hungry ghost (D:11)
  An orc warrior (D:10)
  5 ice beasts
  4 ogres
  3 sky beasts
  An eye of draining (D:11)
  A wolf (D:11)
  2 centaurs
  A crocodile (D:12)
  A big kobold (D:9)
  2 bullfrogs (D:9)
  3 scorpions
  5 killer bees
  5 wights
  3 howler monkeys
  4 electric eels (D:11)
  7 crimson imps
  2 centaur zombies
  3 jellies
  11 orc wizards
  10 orc priests
  10 hounds
  3 iguanas
  A bullfrog skeleton (D:4)
  Terence (D:3)
  9 worker ants
  A hound zombie (D:7)
  A hound skeleton (D:9)
  3 worker ant zombies
  Robin (D:2)
  A howler monkey skeleton (D:5)
  10 adders
  6 shadow imps
  An adder zombie (D:9)
  2 dart slugs
  A leopard gecko (D:2)
  31 orcs
  2 ball pythons
  2 giant cockroaches
  5 hobgoblins
  16 jackals
  10 kobolds
  4 quokkas
  6 bats
  12 frilled lizards
  23 goblins
  A quokka skeleton (D:9)
  14 rats
258 creatures vanquished.

Vanquished Creatures (others)
  The ghost of Philosophy the Quickloader, a novice CeHu of Okawaru (D:8)
  2 cyclopes (D:11)
  A komodo dragon (D:8)
  A troll (D:11)
  An orc warrior (D:10)
  A howler monkey (D:9)
  5 plants (D:8)
12 creatures vanquished.

Grand Total: 270 creatures vanquished

Notes
Turn   | Place    | Note
-------+----------+-------------------------------------------
     0 | Abyss:1  | Leszczynek the Felid Abyssal Knight began the quest for the Orb.
     0 | Abyss:1  | Reached XP level 1. HP: 10/10 MP: 3/3
     0 | Abyss:1  | time to hate myself
    29 | D:1      | Escaped the Abyss
    43 | D:1      | great
    51 | D:1      | lucky me
    63 | D:1      | Reached skill level 1 in Stealth
   252 | D:1      | oh boy
   476 | D:1      | Reached skill level 2 in Stealth
   694 | D:1      | Reached XP level 2. HP: 14/14 MP: 4/4
   704 | D:1      | surviving the stones of Imminent Death, i'm now level 2
   704 | D:1      | wow
   918 | D:1      | Reached skill level 3 in Stealth
  1226 | D:1      | Reached ** piety under Lugonu
  1235 | D:1      | Reached skill level 4 in Stealth
  1263 | D:1      | Reached XP level 3. HP: 15/17 MP: 5/5
  1459 | D:2      | robin most likely
  1459 | D:2      | nice note entering bug btw
  1549 | D:2      | a goblin had two nets
  1549 | D:2      | normal, unarmed one
  1549 | D:2      | interesting
  1577 | D:2      | btw i'm making these notes just so i can somehow keep myself interested
  1594 | D:2      | ffffuck fffffelids
  1792 | D:2      | adders, adders everywhere
  1792 | D:2      | thank god for my stealth+++
  1812 | D:2      | yep, it's definitely robin
  2003 | D:2      | Noticed Robin
  2013 | D:2      | fightin her at the moment is a bit too much, probably
  2013 | D:2      | inb4 ant or iguana right next to the stairs down
  2013 | D:2      | no wait, i don't have any stairs down
  2013 | D:2      | "oops"
  2238 | D:2      | one adder down, me almost as well
  2249 | D:2      | and here's another adder, no stairs for me
  2328 | D:2      | Reached skill level 3 in Unarmed Combat
  2328 | D:2      | Reached XP level 4. HP: 9/21 MP: 6/6
  2901 | D:3      | wow d:3 i'm so good
  2913 | D:3      | Found a shattered altar of Ashenzari.
  2996 | D:3      | Found a faded altar of an unknown god.
  2999 | D:3      | aww, the faded altar
  2999 | D:3      | why do i have to play a zealot
  2999 | D:3      | these are always fun
  3024 | D:3      | Noticed Terence
  3030 | D:3      | maybe later pal
  3288 | D:3      | i can't beat an orc wizard now, right?
  3288 | D:3      | probably not
  3288 | D:3      | down it is then
  3768 | D:4      | Reached skill level 4 in Dodging
  3769 | D:4      | WELP
  3797 | D:4      | ah, elec dagger
  3797 | D:4      | lol
  3797 | D:4      | no thanks cya
  3861 | D:5      | Entered Level 5 of the Dungeon
  3862 | D:5      | Reached *** piety under Lugonu
  3964 | D:4      | Noticed an ogre
  3978 | D:4      | ehhh
  3978 | D:4      | didn't manage to stab him
  3995 | D:4      | Killed an ogre
  3995 | D:4      | Reached skill level 4 in Unarmed Combat
  3995 | D:4      | Reached XP level 5. HP: 24/24 MP: 7/7
  4264 | D:4      | Found a faded altar of an unknown god.
  4264 | D:4      | Found a faded altar of an unknown god.
  4269 | D:4      | Found a faded altar of an unknown god.
  4271 | D:4      | Found a faded altar of an unknown god.
  4274 | D:4      | Found a deep blue altar of Sif Muna.
  4503 | D:4      | Reached skill level 5 in Dodging
  4503 | D:4      | Gained mutation: You are covered in thick fur. (AC +2) [Felid growth]
  4503 | D:4      | Reached XP level 6. HP: 26/28 MP: 8/8
  4610 | D:4      | Found a staircase to the Ecumenical Temple.
  4683 | D:5      | eh, forgot to read my scrolls
  4705 | D:4      | two mutation potions
  4705 | D:4      | hmmmmmmmmmmm
  4705 | D:4      | Gained mutation: Potions and wands are less effective at restoring your health. [potion of mutation]
  4705 | D:4      | Gained mutation: You are somewhat resistant to further mutation. [potion of mutation]
  4706 | D:4      | uh
  4706 | D:4      | well whatever
  4915 | D:5      | oh shit son
  4943 | D:5      | Reached skill level 5 in Unarmed Combat
  4948 | D:5      | nice rng
  4948 | D:5      | i need to cure this bullshit btw
  4948 | D:5      | Lost mutation: You are somewhat resistant to further mutation. [potion of cure mutation]
  4948 | D:5      | Lost mutation: Potions and wands are less effective at restoring your health. [potion of cure mutation]
  5381 | D:5      | +1 slaying, yeahhhhh
  5381 | D:5      | kek
  5407 | D:5      | still better than wizardry with no spells
  5743 | D:5      | Found an opulent altar of Gozag.
  6116 | D:6      | Reached skill level 6 in Unarmed Combat
  6158 | D:6      | Found a white marble altar of Elyvilon.
  6295 | D:6      | Reached skill level 5 in Stealth
  6295 | D:6      | Reached XP level 7. HP: 31/31 MP: 9/9
  6428 | D:6      | Found a white marble altar of Elyvilon.
  6837 | D:6      | fucking hell
  7115 | D:7      | ah, exp -1 apt, right
  7383 | D:7      | Reached skill level 4 in Fighting
  7486 | D:7      | fug
  7900 | D:6      | nice fucking stairs
  8623 | D:7      | oh god
  8627 | D:7      | bees
  8643 | D:7      | oh god
  8700 | D:7      | Reached skill level 7 in Unarmed Combat
  8700 | D:7      | Reached XP level 8. HP: 36/36 MP: 10/10
  8703 | D:7      | Reached skill level 6 in Dodging
  8815 | D:7      | fuck
  8815 | D:7      | now they're close to stairs
  8815 | D:7      | i should've jsut bailed out of this level as soon as i saw them
  8818 | D:7      | and i would need 6 invo to use banishment
  9127 | D:7      | Reached skill level 2 in Invocations
  9205 | D:8      | the biggest problem is i can't even go back for the xp left behind now
  9205 | D:8      | because i can't afford to get caught by the bees
  9363 | D:8      | Noticed Philosophy's ghost (novice CeHu)
  9367 | D:8      | cehu ghost
  9367 | D:8      | please
  9367 | D:8      | ffs
  9392 | D:8      | Found a sparkling altar of Nemelex Xobeh.
  9474 | D:8      | Reached skill level 3 in Invocations
  9541 | D:8      | Found a bloodstained altar of Trog.
  9660 | D:8      | Found an opulent altar of Gozag.
  9698 | D:8      | Reached skill level 7 in Dodging
 10006 | D:8      | fucking cehu ghost
 10043 | D:9      | oh great
 10154 | D:9      | Reached skill level 4 in Invocations
 10391 | D:9      | can i survive one hit?
 10391 | D:9      | hm
 10391 | D:9      | i might not
 10409 | D:9      | Reached skill level 6 in Stealth
 10597 | D:9      | Reached skill level 8 in Unarmed Combat
 10597 | D:9      | Reached XP level 9. HP: 17/40 MP: 13/13
 11330 | D:9      | Reached skill level 5 in Invocations
 11346 | D:9      | Engulfed by a cloud of freezing vapour
 11347 | D:9      | Reached XP level 8. HP: -6/36 MP: 12/12
 11347 | D:9      | wow
 11347 | D:9      | wow
 11347 | D:9      | wow
 11347 | D:9      | fucking wow
 11347 | D:9      | THANKS A FUCKING LOT
 11347 | D:9      | i want to quit already
 11347 | D:9      | totally my fault for forgetting the quirk of this particular vault
 11347 | D:9      | wow
 11347 | D:9      | XDXDX
 11347 | D:9      | stupid fucking shit
 11347 | D:9      | only blink would've saved me
 11347 | D:9      | i should've just died there without using consumables
 11347 | D:9      | stupid retarded shit
 11512 | D:8      | oh look
 11512 | D:8      | lair's here
 11512 | D:8      | on the level with a fucking cehu ghost
 11512 | D:8      | behind him too
 11512 | D:8      | fuck it, i'm going back
 11560 | D:7      | Reached skill level 5 in Fighting
 11858 | D:6      | Reached **** piety under Lugonu
 12497 | D:3      | Killed Terence
 12632 | D:2      | Killed Robin
 12715 | D:6      | Noticed a hippogriff
 12793 | D:7      | Reached skill level 6 in Invocations
 12809 | D:7      | well, that cost me one invis
 12881 | D:8      | Noticed Erica
 12933 | D:8      | Noticed a komodo dragon
 12934 | D:8      | komodo dragon
 12934 | D:8      | and i'm level 8
 12934 | D:8      | XD
 12934 | D:8      | it can't kill me with one attack
 12934 | D:8      | but it will kill me with two
 12939 | D:8      | Found a staircase to the Lair.
 12949 | D:8      | yep
 12949 | D:8      | can't kill me with one
 12949 | D:8      | XD
 12983 | D:8      | the komodo dragon is devoured by a tear in reality.
 12983 | D:8      | Banished a komodo dragon
 13280 | D:8      | Noticed a troll
 13349 | D:8      | Philosophy's ghost is devoured by a tear in reality.
 13349 | D:8      | Banished Philosophy's ghost
 13349 | D:8      | Reached XP level 9. HP: 20/41 MP: 5/15
 13658 | D:10     | Entered Level 10 of the Dungeon
 13739 | D:10     | Reached skill level 6 in Fighting
 13949 | D:10     | Noticed Urug
 14023 | D:10     | Reached skill level 7 in Invocations
 14041 | D:10     | Learned a level 3 spell: Conjure Flame
 14283 | D:10     | orc warrior wielding a rod of inaccuracy
 14283 | D:10     | PLEASE
 14434 | D:10     | Reached skill level 1 in Fire Magic
 14465 | D:10     | Reached skill level 1 in Conjurations
 14782 | D:10     | Learned a level 2 spell: Slow
 15143 | D:10     | Reached skill level 1 in Hexes
 15206 | D:10     | Reached skill level 2 in Hexes
 15389 | D:11     | Noticed Maurice
 15394 | D:11     | Killed Maurice
 15394 | D:11     | Reached skill level 9 in Unarmed Combat
 15394 | D:11     | Reached skill level 4 in Hexes
 15466 | D:11     | Noticed a cyclops
 15468 | D:11     | oh fuck
 15763 | D:11     | Reached skill level 5 in Hexes
 15905 | D:11     | Noticed a troll
 15960 | D:11     | Found a staircase to the Orcish Mines.
 15968 | D:11     | the cyclops is devoured by a tear in reality.
 15968 | D:11     | Banished a cyclops
 15968 | D:11     | Reached skill level 6 in Hexes
 15968 | D:11     | Reached XP level 10. HP: 45/45 MP: 16/16
 15969 | D:11     | Noticed a cyclops
 15969 | D:11     | what, a second one
 15969 | D:11     | lul
 15969 | D:11     | the cyclops is devoured by a tear in reality.
 15969 | D:11     | Banished a cyclops
 16181 | D:11     | Learned a level 1 spell: Animate Skeleton
 16216 | D:11     | Reached skill level 7 in Hexes
 16338 | D:11     | Noticed Grum
 16459 | D:11     | great
 16678 | D:10     | the orc warrior is devoured by a tear in reality.
 16685 | D:10     | fuck you and your rod
 16842 | D:11     | 25 ev does nothing :/
 16894 | D:11     | oh god that stupid monkey woke up everything
 17066 | D:11     | Reached skill level 2 in Conjurations
 17066 | D:11     | Reached skill level 2 in Fire Magic
 17118 | D:12     | uh huh
 17118 | D:12     | maybe no
 17156 | D:10     | Noticed a hill giant
 17368 | D:10     | if only i had confuse
 17368 | D:10     | or summons
 17368 | D:10     | (call imp is not a summon at this point)
 17372 | D:10     | Learned a level 3 spell: Mephitic Cloud
 17590 | D:10     | i'm pretty sure i'll be destroyed in lair
 17884 | D:11     | Reached skill level 1 in Poison Magic
 17915 | D:12     | Reached skill level 1 in Air Magic
 18137 | D:12     | Reached skill level 8 in Dodging
 18196 | D:12     | Noticed a hill giant
 18389 | D:11     | the troll is devoured by a tear in reality.
 18587 | D:12     | Reached skill level 10 in Unarmed Combat
 19070 | D:12     | Noticed Sonja
 19071 | D:12     | oh god
 19356 | D:12     | Slain by a troll
 19357 | D:12     | Reached XP level 9. HP: -3/41 MP: 15/15
 19357 | D:12     | ...
 19358 | D:12     | how did he get two turns in?
 19358 | D:12     | i have 0.8 delay on attacks?!
 19358 | D:12     | not to mention hitting 4 times in a row through 26 ev
 19358 | D:12     | this is why GDR is good
 19358 | D:12     | no matter what minmay says
 19358 | D:12     | no, really
 19358 | D:12     | HOW DID HE GET TWO TURNS IN
 19358 | D:12     | HOW
 19358 | D:12     | back to level 9, wow
 19358 | D:12     | fuck it, i'm quitting and rerolling until i find hexes or transmutations early
 19358 | D:12     | i can do this stupid shit too
 19358 | D:12     | Quit the game

Skill      XL: |  1  2  3  4  5  6  7  8  9 10 |
---------------+-------------------------------+-----
Stealth        | 2 4 5 6 |  6.7
Unarmed Combat | 3 4 6 7 8 9 10 | 10.0
Dodging        | 4 5 7 8 |  8.7
Fighting       | 4 5 6 |  6.0
Invocations    | 6 7 |  7.0
Fire Magic     | 1 2 |  2.0
Conjurations   | 1 2 |  2.0
Hexes          | 6 7 |  7.8
Poison Magic   | 1 |  1.2
Air Magic      | 1 |  1.2

Action                   |  1- 3 |  4- 6 |  7- 9 | 10-12 || total
-------------------------+-------+-------+-------+-------++-------
Melee: Unarmed           |   162 |   165 |   454 |   193 ||   974
       Bite              |    16 |    16 |    45 |    24 ||   101
       Punch             |       |     4 |    14 |    11 ||    29
 Cast: Slow              |       |       |     2 |    17 ||    19
Invok: Banish            |       |       |     5 |     4 ||     9
 Abil: Evoke Berserk Rag |       |       |     1 |       ||     1
Evoke: Wand              |       |       |     2 |     3 ||     5
  Use: Potion            |     2 |     4 |     5 |       ||    11
       Scroll            |       |     5 |    14 |     1 ||    20
 Stab: Sleeping          |     9 |    13 |    17 |     2 ||    41
       Distracted        |       |       |     7 |     1 ||     8
       Invisible         |       |       |     5 |       ||     5
  Eat: Chunk             |    10 |     8 |    33 |     9 ||    60
Armor: Skin              |     7 |    11 |     9 |     5 ||    32
Dodge: Dodged            |   128 |   121 |   307 |   161 ||   717
